 Dungeon Sprint DCSS version 0.31-a0-37-g98a128e1d9 (webtiles) character file.

Game seed: 15410241741630203407

32488 bmack86 the Warrior (level 13, -6/207 HPs)
             Began as a Minotaur Fighter on May 15, 2023.
             Was the Champion of Qazlal.
             Killed by a royal mummy's death curse (17 damage)
             ... in the Dungeon (Sprint V: "Ziggurat Sprint").
             The game lasted 00:24:01 (1110 turns).

bmack86 the Warrior (Minotaur Fighter)              Turns: 1110, Time: 00:24:01

Health: -6/207     AC: 41    Str: 30    XL:     13   Next: 31%
Magic:  8/24       EV:  3    Int:  5    God:    Qazlal [******]
Gold:   0          SH: 36    Dex: 10    Spells: 12/12 levels left

rFire   . . .        I - +16 obsidian axe {drain, demonic, Mesm Drain Fly SInv}
rCold   . . .        K - +18 shield of the Gong {Loud rN+ Will+ rCorr EV-5}
rNeg    + + .        J - +15 Maxwell's patent armour {-Cast -Tele rElec Will+ rCorr}
rPois   .            (helmet restricted)
rElec   +            (no cloak)
rCorr   +            (no gloves)
SInv    +            m - +2 pair of boots {rampage}
Will    +++..        R - amulet of Wu Jian's Approval {Regen+ Str+4} Stlth
                     k - ring "Qotymutz" {rN+ Will+}
HPRegen 1.34/turn    a - +4 ring of protection
MPRegen 0.19/turn

%: no teleportation, no spellcasting, repel missiles, rampage
@: berserking, flying, studying Staves, very quick
A: horns 2, retaliatory headbutt
a: Renounce Religion, Upheaval, Elemental Force, Disaster Area


You were in the Dungeon.
You worshipped Qazlal.
Qazlal was exalted by your worship.
You visited 1 branch

Inventory:

Hand Weapons
 n - the +8 arc blade {discharge, rElec}
   (You found it in the Dungeon)

   rElec:     It insulates you from electricity.
 p - a +5 broad axe
 I - the +16 obsidian axe (weapon) {drain, demonic, Mesm Drain Fly SInv}
   (You found it in the Dungeon)

   Mesm:      Its wielder is mesmerised by any visible foes, and it cannot be
   unequipped while any foes are visible.
   SInv:      It lets you see invisible.
   Fly:       It grants you flight.
   Drain:     It drains your maximum health when unequipped.
Armour
 l - +5 gold dragon scales
 m - a +2 pair of boots of rampaging (worn)
 J - the +15 Maxwell's patent armour (worn) {-Cast -Tele rElec Will+ rCorr}
   (You found it in the Dungeon)

   rElec:     It insulates you from electricity.
   -Cast:     It prevents spellcasting.
   -Tele:     It prevents most forms of teleportation.
   rCorr:     It protects you from acid and corrosion.
   Will:      It increases your willpower.
 K - the +18 shield of the Gong (worn) {Loud rN+ Will+ rCorr EV-5}
   (You found it in the Dungeon)

   Loud:      It is deafeningly noisy when blocking attacks.
   EV:        It affects your evasion (-5).
   rN:        It protects you from negative energy.
   rCorr:     It protects you from acid and corrosion.
   Will:      It increases your willpower.
Jewellery
 a - a +4 ring of protection (right hand)
 c - a ring of poison resistance
 k - the ring "Qotymutz" (left hand) {rN+ Will+}
   (You found it in the Dungeon)

   [ring of willpower]

   rN:        It protects you from negative energy.
   Will:      It increases your willpower.
 x - a +6 ring of dexterity
 A - a ring of flight
 B - a +6 ring of dexterity
 C - a +6 ring of dexterity
 D - a ring of protection from fire
 E - a +6 ring of intelligence
 F - a +6 ring of strength
 G - a ring of wizardry
 O - the amulet "Piugu" {RegenMP Will+ Dex+3}
   (You found it in the Dungeon)

   [amulet of magic regeneration]

   It increases your rate of magic regeneration.
   Dex:       It affects your dexterity (+3).
   Will:      It increases your willpower.
 R - the amulet of Wu Jian's Approval (around neck) {Regen+ Str+4}
   (You found it in the Dungeon)

   [amulet of regeneration]

   Str:       It affects your strength (+4).
   Regen:     It increases your rate of health regeneration.
Wands
 b - a wand of charming (12)
 y - a wand of mindburst (20) (quivered)
 z - a wand of light (7)
 H - a wand of roots (21)
 S - a wand of digging (5)
 U - a wand of flame (18)
Scrolls
 j - 4 scrolls of blinking
 o - 12 scrolls of enchant weapon
 q - 4 scrolls of amnesia
 r - 7 scrolls of fog
 s - 5 scrolls of identify
 t - 2 scrolls of fear
 M - 3 scrolls of brand weapon
Potions
 d - 5 potions of might
 e - 10 potions of curing
 f - 8 potions of heal wounds
 g - 10 potions of haste
 h - 7 potions of magic
 i - a potion of berserk rage
 u - 2 potions of brilliance
 v - 2 potions of invisibility
 w - 4 potions of resistance
Miscellaneous
 L - a condenser vane
 N - a phial of floods
 P - a phantom mirror


   Skills:
 + Level 19.5 Fighting
 - Level 18.0 Axes
 + Level 19.4 Armour
 - Level 10.0 Shields
 + Level 16.4 Invocations
 + Level 15.0 Evocations


You had 12 spell levels left.
You didn't know any spells.
Your spell library contained the following spells:

 Spells                   Type           Power      Damage    Failure   Level
 Beastly Appendage        Tmut           0%         N/A       98%         1
 Shock                    Conj/Air       0%         1d3       98%         1
 Sting                    Tmut/Pois      0%         1d3       98%         1
 Cigotuvi's Dreadful Rot  Necr/Pois/Air  0%         N/A       99%         2
 Passwall                 Tmut/Erth      0%         N/A       99%         2
 Poisonous Vapours        Pois/Air       0%         N/A       99%         2
 Scorch                   Fire           0%         2d5       99%         2
 Static Discharge         Conj/Air       0%         2-2/arc   99%         2
 Call Canine Familiar     Summ           0%         N/A       100%        3
 Gell's Gravitas          Tloc           0%         N/A       100%        3
 Ignite Poison            Fire/Tmut/Pois 0%         N/A       100%        3
 Portal Projectile        Hex/Tloc       0%         N/A       100%        3
 Summon Guardian Golem    Hex/Summ       0%         N/A       100%        3
 Swiftness                Air            0%         N/A       100%        3
 Teleport Other           Tloc           0%         N/A       100%        3
 Vampiric Draining        Necr           0%         2d6       100%        3
 Vhi's Electric Charge    Tloc/Air       0%         N/A       100%        3
 Airstrike                Air            0%         2d(0-16)  100%        4
 Anguish                  Hex/Necr       0%         N/A       100%        4
 Animate Dead             Necr           0%         N/A       100%        4
 Flame Wave               Conj/Fire      0%         2d4       100%        4
 Ice Form                 Ice/Tmut       0%         N/A       100%        4
 Leda's Liquefaction      Hex/Erth       0%         N/A       100%        4
 Summon Lightning Spire   Summ/Air       0%         N/A       100%        4
 Borgnjor's Vile Clutch   Necr/Erth      0%         N/A       100%        5
 Freezing Cloud           Conj/Ice/Air   0%         6-21      100%        5
 Death Channel            Necr           0%         N/A       100%        6
 Dispersal                Tloc           0%         N/A       100%        6
 Summon Cactus Giant      Summ           0%         N/A       100%        6
 Orb of Destruction       Conj           0%         9d5       100%        7
 Spellforged Servitor     Conj/Summ      0%         N/A       100%        7
 Storm Form               Tmut/Air       0%         N/A       100%        7
 Lehudib's Crystal Spear  Conj/Erth      0%         10d2      100%        8
 Maxwell's Capacitive Co  Air            0%         ∞         100%        8
 Fire Storm               Conj/Fire      0%         5d1       100%        9


Dungeon Overview and Level Annotations

Branches:
Dungeon (1/1)

Altars:
Ashenzari
Cheibriados
Dithmenos
Elyvilon
Fedhas
Gozag
Hepliaklqana
Kikubaaqudgha
Makhleb
Nemelex Xobeh
Okawaru
Qazlal
Ru
Sif Muna
Trog
Uskayaw
Vehumet
Wu Jian
Xom
Yredelemnul
Zin
The Shining One
Jiyva
Lugonu

Annotations:
D 1 transporter


Innate Abilities, Weirdness & Mutations

You have a pair of horns on your head.
You reflexively headbutt those who attack you in melee.


Message History

You slice the royal mummy!!
The royal mummy is moderately damaged.
You barely miss the royal mummy.
Unknown command.
You slash the royal mummy!
You headbutt the royal mummy, but do no damage.
The royal mummy is heavily damaged.
You hit the royal mummy.
The royal mummy is engulfed in freezing vapours.
You block the royal mummy's attack.
GONNNNG!
The royal mummy is engulfed in freezing vapours.
The royal mummy casts a spell.
You open the royal mummy like a pillowcase!!!
Your headbutt misses the royal mummy.
The royal mummy is severely damaged.
You slash the royal mummy!
Visions of slaying the royal mummy flood into your mind.
The royal mummy is engulfed in freezing vapours.
You block the royal mummy's attack.
GONNNNG!
You carve the royal mummy like a ham!!!
The royal mummy is almost destroyed.
You slice the royal mummy!!
You destroy the royal mummy!
Qazlal accepts your kill.
The death scarab disappears in a puff of smoke!
You feel extremely nervous for a moment...
You are engulfed in negative energy!
You partially resist.
You feel drained.
Your life force feels restored.
Your Evocations skill increases to level 15!
You slash the royal mummy!
The royal mummy is almost destroyed.
You slice the royal mummy like a ripe choko!!!
You break out of your daze!
You destroy the royal mummy!
Qazlal accepts your kill.
You feel extremely nervous for a moment...
Pain shoots through your body!
You die...

▓▓▓▓▓▓▓▓▓▓
▓.....8©8=....▓....8©8..
▓...:[|.......▓..)|)}|[.
▓...[:.::)[...▓..|[..[||
▓.....|...≈...▓.........
▓.............▓.........
▓......○......▓.........
▓.....☼°).....▓.........
▓....§§@......▓.........
▓..▓.§.....▓..▓..▓.....▓
▓ ▓▓°....▓▓ ▓.........
▓..▓.......▓..▓.....©..≈
▓.............▓▓▓▓▓▓▓▓▓▓
▓......©......▓....8©8~~
▓▓▓▓▓▓▓▓▓▓▓▓▓▓▓..|||))~~
▓~.~[~~)[~ ▓...((~[.)


There were no monsters in sight!

Vanquished Creatures
  An ancient lich (D)
  4 royal mummies (D)
  A shadow dragon (D)
  An azure jelly (D)
  3 merfolk javelineers (D)
  3 merfolk impalers (D)
  A great orb of eyes (D)
  A merfolk aquamancer (D)
  2 death scarabs (D)
  2 soul eaters (D)
  A skeletal warrior (D)
  3 sea snakes (D)
  2 lindwurms (D)
  2 wizards (D)
  3 necromancers (D)
  A shining eye (D)
  2 cyclopes (D)
  2 eyes of devastation (D)
  A cane toad (D)
  A guardian mummy (D)
  A merfolk (D)
  5 slime creatures (D)
  4 flying skulls (D)
  A shadow (D)
  4 yaks (D)
  An ushabti (D)
  A golden eye (D)
  A steam dragon (D)
  4 hell hounds (D)
  2 water moccasins (D)
  A floating eye (D)
  A wolf (D)
  4 phantoms (D)
  3 bullfrogs (D)
  4 necrophages (D)
  2 scorpions (D)
  5 wights (D)
  A quasit (D)
  An iron imp (D)
  8 jellies (D)
  3 mummies (D)
  2 river rats (D)
  A spectral adder (D)
  4 adder skeletons (D)
  An adder zombie (D)
  5 bat skeletons (D)
  3 bat zombies (D)
  2 endoplasms (D)
  A jackal (D)
  2 ball python skeletons (D)
  2 ball python zombies (D)
  3 giant cockroach zombies (D)
  2 quokka skeletons (D)
  A spectral ball python (D)
  A spectral jackal (D)
124 creatures vanquished.

Vanquished Creatures (collateral kills)
  A yaktaur (D)
  A hell hound (D)
  A ball python skeleton (D)
  A ball python zombie (D)
4 creatures vanquished.

Grand Total: 128 creatures vanquished

Notes
Turn   | Place    | Note
-------+----------+-------------------------------------------
     0 | D        | bmack86 the Minotaur Fighter began the quest for the Orb.
     0 | D        | Reached XP level 1. HP: 19/19 MP: 0/0
    13 | D        | Found a blossoming altar of Fedhas.
    13 | D        | Found the +6 Majin-Bo {spellvamp, MP+6 Int+6}
    13 | D        | Found the +27 heavy crossbow "Sniper" {heavy, Acc+∞ SInv}
    13 | D        | Found the +10 dark maul {heavy}
    13 | D        | Found the +15 Maxwell's patent armour {-Cast -Tele rElec
                  | Will+ rCorr}
    13 | D        | Found the +18 shield of the Gong {Loud rN+ Will+ rCorr
                  | EV-5}
    13 | D        | Found the +16 obsidian axe {drain, demonic, Mesm Drain Fly
                  | SInv}
    13 | D        | Found the +7 great mace "Firestarter" {flame, immolate,
                  | rFlCloud rF++}
    13 | D        | Found the +6 shillelagh "Devastator" {shatter}
    13 | D        | Found the +11 plutonium sword {Contam Stlth-}
    13 | D        | Found the +8 lance "Wyrmbane" {slay drac, rPois rF+ rC+
                  | AC+3}
    13 | D        | Found the +9 sword of Zonguldrok {reap}
    13 | D        | Found the +13 scythe of Curses {drain, curses, Drain}
    13 | D        | Found the +9 sword of Power {lifebolt}
    13 | D        | Found the +7 mace of Variability {chaos, chaos arc}
    13 | D        | Found the +11 Singing Sword {sonic wave}
    13 | D        | Found the +8 storm bow {elec, penet}
    16 | D        | Found a viscous altar of Jiyva.
    16 | D        | Found a hazy altar of Hepliaklqana.
    16 | D        | Found a transporter.
    16 | D        | Found an opulent altar of Gozag.
    16 | D        | Found an ancient bone altar of Kikubaaqudgha.
    16 | D        | Found a corrupted altar of Lugonu.
    21 | D        | Found a burning altar of Makhleb.
    22 | D        | Found a stormy altar of Qazlal.
    22 | D        | Found a sacrificial altar of Ru.
    22 | D        | Found an iron altar of Okawaru.
    22 | D        | Found a shimmering blue altar of Sif Muna.
    22 | D        | Found a sparkling altar of Nemelex Xobeh.
    22 | D        | Found a bloodstained altar of Trog.
   152 | D        | Became a worshipper of Qazlal Stormbringer
   168 | D        | Entered arena 2.
   168 | D        | Noticed a scorpion
   168 | D        | Noticed a scorpion
   168 | D        | Found a transporter.
   170 | D        | Killed a scorpion
   171 | D        | Reached skill level 5 in Axes
   171 | D        | Reached XP level 2. HP: 28/28 MP: 0/2
   171 | D        | Reached XP level 3. HP: 35/35 MP: 0/3
   172 | D        | Killed a scorpion
   173 | D        | Reached skill level 5 in Fighting
   173 | D        | Reached skill level 5 in Armour
   173 | D        | Reached skill level 5 in Shields
   173 | D        | Reached XP level 4. HP: 42/42 MP: 0/5
   233 | D        | Reached XP level 5. HP: 49/49 MP: 6/6
   241 | D        | Entered arena 3.
   241 | D        | Noticed a death scarab
   241 | D        | Found a transporter.
   243 | D        | Reached * piety under Qazlal
   243 | D        | Noticed a neqoxec
   248 | D        | Killed a death scarab
   249 | D        | Reached skill level 5 in Invocations
   249 | D        | Reached XP level 6. HP: 55/60 MP: 6/8
   249 | D        | Reached XP level 7. HP: 60/66 MP: 6/9
   281 | D        | Entered arena 4.
   281 | D        | Noticed a yak
   281 | D        | Found a transporter.
   284 | D        | Killed a yak
   284 | D        | Reached ** piety under Qazlal
   286 | D        | Reached skill level 15 in Axes
   302 | D        | Entered arena 5.
   302 | D        | Found a transporter.
   306 | D        | Reached *** piety under Qazlal
   307 | D        | Reached skill level 5 in Evocations
   307 | D        | Reached XP level 8. HP: 46/74 MP: 11/11
   308 | D        | Reached **** piety under Qazlal
   392 | D        | Entered arena 6.
   392 | D        | Noticed a wizard
   392 | D        | Noticed a wizard
   392 | D        | Noticed a lindwurm
   392 | D        | Noticed a lindwurm
   392 | D        | Noticed a yaktaur
   392 | D        | Found a transporter.
   396 | D        | Killed a lindwurm
   396 | D        | Killed a lindwurm
   397 | D        | Reached XP level 9. HP: 69/83 MP: 8/13
   398 | D        | Killed a wizard
   399 | D        | Killed a wizard
   399 | D        | Killed a yaktaur
   399 | D        | Reached ***** piety under Qazlal
   400 | D        | Reached skill level 10 in Fighting
   400 | D        | Reached skill level 10 in Armour
   400 | D        | Reached skill level 10 in Shields
   404 | D        | Got Viasakk's Volume of Configuration
   406 | D        | Got the amulet "Piugu" {RegenMP Will+ Dex+3}
   411 | D        | Got Iloasmem's Vademecum on Combustion and Blight
   507 | D        | Entered arena 7.
   508 | D        | Found a transporter.
   532 | D        | Entered arena 8.
   533 | D        | Found a transporter.
   538 | D        | Reached ****** piety under Qazlal
   570 | D        | Entered arena 9.
   571 | D        | Found a transporter.
   578 | D        | Reached XP level 10. HP: 94/94 MP: 15/15
   584 | D        | Got the amulet of Wu Jian's Approval {Regen+ Str+4}
   609 | D        | Entered arena 10.
   610 | D        | Found a transporter.
   651 | D        | Entered arena 11.
   651 | D        | Found the +8 arc blade {discharge, rElec}
   651 | D        | Noticed an eye of devastation
   652 | D        | Killed an eye of devastation
   653 | D        | Found a transporter.
   654 | D        | Paralysed by a floating eye for 4 turns
   670 | D        | Got the ring "Qotymutz" {rN+ Will+}
   689 | D        | Entered arena 12.
   689 | D        | Noticed a shadow dragon
   689 | D        | Noticed a soul eater
   689 | D        | Noticed a soul eater
   692 | D        | Found a transporter.
   695 | D        | Killed a soul eater
   700 | D        | Killed a shadow dragon
   701 | D        | Reached skill level 10 in Invocations
   701 | D        | Killed a soul eater
   713 | D        | Got Faseel's Tome of the Overhead Boulder
   717 | D        | Got the Elucidation of Sinister Transmutation
   769 | D        | Entered arena 13.
   769 | D        | Found the +7 captain's cutlass {speed, disarm}
   769 | D        | Noticed a cane toad
   770 | D        | Found a transporter.
   773 | D        | Killed a cane toad
   774 | D        | Reached XP level 11. HP: 98/107 MP: 16/18
   780 | D        | Reached skill level 10 in Evocations
   805 | D        | Entered arena 14.
   805 | D        | Noticed a necromancer
   805 | D        | Noticed an ancient lich
   806 | D        | Noticed a necromancer
   806 | D        | Noticed a necromancer
   806 | D        | Noticed a skeletal warrior
   807 | D        | Killed a necromancer
   807 | D        | Killed a necromancer
   807 | D        | Killed a necromancer
   808 | D        | Found a transporter.
   813 | D        | Killed an ancient lich
   814 | D        | Reached skill level 15 in Fighting
   814 | D        | Reached skill level 15 in Armour
   818 | D        | Killed a skeletal warrior
   848 | D        | Entered arena 15.
   848 | D        | Noticed a sea snake
   848 | D        | Noticed a sea snake
   848 | D        | Noticed a merfolk javelineer
   849 | D        | Noticed a merfolk javelineer
   849 | D        | Noticed a merfolk impaler
   849 | D        | Noticed a merfolk impaler
   849 | D        | Noticed a merfolk aquamancer
   849 | D        | Noticed a merfolk javelineer
   849 | D        | Noticed a merfolk impaler
   849 | D        | Noticed a sea snake
   850 | D        | Killed a merfolk impaler
   850 | D        | Killed a sea snake
   850 | D        | Killed a merfolk javelineer
   851 | D        | Reached XP level 12. HP: 114/122 MP: 8/21
   856 | D        | Found a transporter.
   856 | D        | Killed a merfolk javelineer
   856 | D        | Killed a merfolk impaler
   858 | D        | Killed a merfolk impaler
   859 | D        | Killed a merfolk javelineer
   863 | D        | Killed a merfolk aquamancer
   880 | D        | Got Anatsor's Notes on Enthralling Transition
  1032 | D        | Entered arena 16.
  1032 | D        | Noticed a great orb of eyes
  1033 | D        | Noticed an azure jelly
  1034 | D        | Found a transporter.
  1037 | D        | Killed an azure jelly
  1038 | D        | Killed a great orb of eyes
  1040 | D        | Reached skill level 15 in Invocations
  1086 | D        | Entered arena 17.
  1088 | D        | Noticed a royal mummy
  1088 | D        | Noticed a death scarab
  1088 | D        | Noticed a royal mummy
  1089 | D        | Noticed a royal mummy
  1089 | D        | Identified the +3 mace "Doggagaol" {drain, rElec Will+ SInv
                  | Stlth-}
  1089 | D        | Noticed a royal mummy
  1090 | D        | Killed a death scarab
  1091 | D        | Found a transporter.
  1092 | D        | Noticed a death scarab
  1092 | D        | Noticed a death scarab
  1092 | D        | Noticed a death scarab
  1092 | D        | Noticed a death scarab
  1099 | D        | Noticed a death scarab
  1099 | D        | Noticed a death scarab
  1099 | D        | Noticed a death scarab
  1099 | D        | Noticed a death scarab
  1100 | D        | Noticed an emperor scorpion
  1100 | D        | Noticed an emperor scorpion
  1100 | D        | Noticed an emperor scorpion
  1101 | D        | Killed a royal mummy
  1101 | D        | HP: 7/190 [torment (3)]
  1102 | D        | Reached XP level 13. HP: 8/136 MP: 7/23
  1104 | D        | Killed a royal mummy
  1108 | D        | Killed a royal mummy
  1109 | D        | Reached skill level 15 in Evocations
  1110 | D        | Killed a royal mummy
  1110 | D        | Killed by a royal mummy's death curse

Illustrated notes

Levels and vault maps discovered:
D:        sprint_v [room_start, room_1, room_2, room_3, room_4, room_5, room_6,
          room_7, room_8, room_9, room_10, room_11, room_12, room_13, room_14,
          room_15, room_16, room_17, room_18, room_19, room_20, room_21,
          room_22, room_23, room_24, room_25, room_26, room_27]

Skill      XL: |  1  2  3  4  5  6  7  8  9 10 11 12 13 |
---------------+----------------------------------------+-----
Fighting       | 4 5 7 9 10 13 16 18 19 | 19.5
Axes           | 5 6 13 14 15 16 17 18 | 18.0
Armour         | 4 5 7 9 10 13 16 18 19 | 19.4
Shields        | 4 5 7 9 10 | 10.0
Invocations    | 2 3 5 6 8 10 13 15 16 | 16.4
Evocations     | 2 4 5 6 7 9 12 14 15 | 15.0

Action                     |  1- 3 |  4- 6 |  7- 9 | 10-12 | 13-15 || total
---------------------------+-------+-------+-------+-------+-------++-------
  Melee: Broad axe         |     4 |     5 |    29 |    65 |     9 ||   112
         Headbutt          |     2 |       |     2 |    10 |     3 ||    17
 Invoke: Upheaval          |       |       |     1 |       |       ||     1
         Disaster Area     |       |       |       |     7 |       ||     7
    Use: Potion            |       |     1 |     1 |     4 |       ||     6
   Stab: Distracted        |       |       |       |     1 |       ||     1
 Armour: Plate armour      |       |     4 |     7 |    20 |     1 ||    32
  Dodge: Dodged            |       |       |     1 |     1 |       ||     2
  Block: Kite shield       |     6 |    12 |    35 |    76 |     6 ||   135

Table legend: (Time is in decaauts)
 A = Elapsed time spent in this place.
 B = Non-inter-level travel time spent in this place.
 C = Inter-level travel time spent in this place.
 D = Time resting spent in this place.
 E = Time spent auto-exploring this place.
 F = Levels seen in this place.
 G = Mean time per level.
                   A        B        C        D        E       F      G
               +--------+--------+--------+--------+--------+-----+--------+
         Total |   1094 |   1094 |      0 |    415 |      0 |   1 | 1094.0 |
       Dungeon |   1094 |   1094 |      0 |    415 |      0 |   1 | 1094.0 |
               +--------+--------+--------+--------+--------+-----+--------+

Top non-repeatable levels by time:
       D: 1094 daAuts
